 Dungeon Crawl Stone Soup version 0.27-a0-695-gb4952372f7 (webtiles) character file.

Game seed: 12507926872089220655

171 Anon1729 the Sneak (level 5, -6/32 HPs)
             Began as a Kobold Brigand on Mar 21, 2021.
             Was an Initiate of Wu Jian.
             Mangled by a centaur (8 damage)
             ... on level 4 of the Dungeon.
             The game lasted 00:02:51 (3312 turns).

Anon1729 the Sneak (Kobold Brigand)                 Turns: 3312, Time: 00:02:52

Health: -6/32      AC:  4    Str:  8    XL:     5   Next: 81%
Magic:  5/5        EV: 12    Int: 13    God:    Wu Jian [......]
Gold:   109        SH:  0    Dex: 17    Spells: 4/4 levels left

rFire    . . .     SeeInvis .   a - +3 dagger (vamp)
rCold    . . .     Faith    .   (shield restricted)
rNeg     . . .     Spirit   .   b - +0 robe
rPois    .         Reflect  .   (no helmet)
rElec    .         Harm     .   c - +0 cloak
rCorr    .         Rampage  .   q - +0 pair of gloves
Will     .....                  (no boots)
Stlth    +++++.....             (no amulet)
HPRegen  0.10/turn              (no ring)
MPRegen  0.09/turn              (no ring)

@: hasted, constricted, very quick
A: small, no large weapons, nightstalker 3
a: Renounce Religion


You were on level 4 of the Dungeon.
You worshipped Wu Jian.
Wu Jian was noncommittal.
You visited 1 branch of the dungeon, and saw 4 of its levels.

You collected 109 gold pieces.

Inventory:

Hand Weapons
 a - a +3 vampiric dagger (weapon)
 u - a +1 dagger of draining
 x - a +0 dagger of venom
Missiles
 d - 38 poisoned darts (quivered)
 e - 2 curare-tipped darts
 r - 2 datura-tipped darts
Armour
 b - a +0 robe (worn)
 c - a +0 cloak (worn)
 j - a scarf of harm
 q - a +0 pair of gloves (worn)
Jewellery
 o - a ring of positive energy
Scrolls
 f - a scroll of teleportation {unknown}
 g - 2 scrolls of magic mapping {unknown}
 k - 2 scrolls of blinking {unknown}
 l - 3 scrolls of identify {unknown}
 m - a scroll of random uselessness {unknown}
 n - a scroll of immolation {unknown}
 s - a scroll of fog {unknown}
 t - 2 scrolls of amnesia {unknown}
 v - a scroll of fear {unknown}
Potions
 h - a potion of ambrosia {unknown}
 i - a potion of haste
 p - a potion of lignification {unknown}
 w - a potion of magic {unknown}


   Skills:
 + Level 2.9 Fighting
 + Level 3.7 Short Blades
 + Level 3.1 Throwing
 + Level 2.3 Dodging
 * Level 6.8 Stealth
 + Level 1.8 Evocations


You had 4 spell levels left.
You didn't know any spells.
Your spell library was empty.

Dungeon Overview and Level Annotations

Branches:
Dungeon (4/15)
 Temple: D:4-7

Altars:
Ashenzari
Wu Jian


Innate Abilities, Weirdness & Mutations

You are small and have problems with some larger weapons.
You are completely attuned to the shadows.


Message History

Things that are here:
a +1 flail of draining; an orc corpse
k - 2 scrolls labelled USOTHR TINGOTA (gained 1)
Found a rapier.
Found a broken altar of Ashenzari.
Found a pair of gloves.
You now have 101 gold pieces (gained 10).
You now have 109 gold pieces (gained 8).
A centaur comes into view.
A leopard gecko and an orc come into view.
The leopard gecko hisses angrily.
You hear an angry hiss.
Okay, then.
You lunge at the leopard gecko, in a flurry of attacks.
You hit the leopard gecko.
The leopard gecko is heavily wounded.
You puncture the leopard gecko!
You kill the leopard gecko!
The Council accepts your kill.
Okay, then.
A ball python comes into view.
You lunge at the orc.
The helpless orc fails to defend itself.
You stick the orc like a pincushion!!!
You kill the orc!
The Council accepts your kill.
The centaur shouts!
The centaur wields a +0 shortbow.
The centaur shoots an arrow.
The arrow hits you!
Ouch! That really hurt!
The ball python hisses angrily.
The centaur shoots an arrow.
The arrow misses you.
The centaur shoots an arrow.
The arrow hits you!
* * * LOW HITPOINT WARNING * * *
It was a potion of haste.
You feel yourself speed up. The ball python bites you.
* * * LOW HITPOINT WARNING * * *
The ball python grabs you. The ball python constricts you.
You hit the centaur but do no damage.
The centaur unwields a +0 shortbow.
The centaur hits you!
You die...

##.######.... #..#
####..##
#####.####......#
##).........####..
##.......##### #.
#.......## .
#.......#
#.......#
##@....## #Sc...#
....... #.......
#......


You could see a centaur and a ball python.

Vanquished Creatures
  2 orc wizards (D:4)
  4 adders (D:2)
  3 worms (D:3)
  A dart slug (D:3)
  2 leopard geckos
  5 orcs
  2 ball pythons
  5 bats
  5 giant cockroaches
  10 goblins
  9 hobgoblins
  2 quokkas
  7 frilled lizards
  4 kobolds
  8 rats
69 creatures vanquished.

Notes
Turn   | Place    | Note
-------+----------+-------------------------------------------
     0 | D:1      | Anon1729 the Kobold Brigand began the quest for the Orb.
     0 | D:1      | Reached XP level 1. HP: 12/12 MP: 1/1
   142 | D:1      | Reached XP level 2. HP: 17/17 MP: 2/2
   543 | D:1      | Reached XP level 3. HP: 22/22 MP: 3/3
  1153 | D:2      | Found a faded altar of an unknown god.
  1297 | D:2      | Reached skill level 6 in Stealth
  1478 | D:2      | Reached skill level 1 in Evocations
  1478 | D:2      | Reached XP level 4. HP: 27/27 MP: 4/4
  2287 | D:3      | Found an ornate altar of the Wu Jian Council.
  2336 | D:3      | Reached XP level 5. HP: 31/31 MP: 5/5
  2374 | D:3      | Became a worshipper of the Wu Jian Council
  3250 | D:4      | Found a broken altar of Ashenzari.
  3283 | D:4      | Noticed a centaur
  3312 | D:4      | Mangled by a centaur

Illustrated notes

Levels and vault maps discovered:
D:1:      dpeg_arrival_central, layout_loops_ring
D:2:      layout_loops_ring, chequers_ecumenical_altar_island,
          minmay_split_cup_large
D:3:      minmay_wonky_spiral, layout_basic, lemuel_coloured_pillars_altar,
          st_stairs_6
D:4:      layout_rooms, lemuel_round_altar, uniq_robin

Skill      XL: |  1  2  3  4  5 |
---------------+----------------+-----
Short Blades   | 3 |  3.7
Stealth        | 6 |  6.8
Evocations     | 1 |  1.8
Dodging        | 2 |  2.3
Throwing       | 3 |  3.1
Fighting       | |  2.9

Action                   |  1- 3 |  4- 6 || total
-------------------------+-------+-------++-------
Melee: Dagger            |    93 |   100 ||   193
Invok: Lunge             |       |     8 ||     8
  Use: Potion            |       |     1 ||     1
 Stab: Sleeping          |    18 |    17 ||    35
Armor: Robe              |    10 |    16 ||    26
Dodge: Dodged            |    51 |    64 ||   115

Table legend: (Time is in decaauts)
 A = Elapsed time spent in this place.
 B = Non-inter-level travel time spent in this place.
 C = Inter-level travel time spent in this place.
 D = Time resting spent in this place.
 E = Time spent auto-exploring this place.
 F = Levels seen in this place.
 G = Mean time per level.
                   A        B        C        D        E       F      G
               +--------+--------+--------+--------+--------+-----+--------+
         Total |   3287 |   3228 |     59 |    446 |   2357 |   4 |  821.8 |
       Dungeon |   3287 |   3228 |     59 |    446 |   2357 |   4 |  821.8 |
               +--------+--------+--------+--------+--------+-----+--------+

Top non-repeatable levels by time:
     D:2: 1073 daAuts
     D:1: 903 daAuts
     D:3: 718 daAuts
     D:4: 592 daAuts
